 Dungeon Crawl Stone Soup version 0.20.1-1-g8b1a95d (webtiles) character file.

4937 letownia2 the Reanimator (level 10, -1/87 (88) HPs)
             Began as a Deep Dwarf Necromancer on Dec 16, 2017.
             Was an Initiate of Gozag.
             Shot with a bolt by an orc (8 damage)
             ... in a bailey.
             The game lasted 00:32:59 (8082 turns).

letownia2 the Reanimator (Deep Dwarf Necromancer)   Turns: 8082, Time: 00:33:01

HP:   -1/87 (88)    AC:  8    Str: 13    XL:     10   Next: 28%
MP:   16/22         EV: 12    Int: 15    God:    Gozag
Gold: 858           SH:  0    Dex: 13    Spells: 21/25 levels left

rFire    . . .     SeeInvis .   r - +0 arbalest
rCold    + . .     Gourm    .   (shield currently unavailable)
rNeg     . . .     Faith    .   f - +2 leather armour {rC+}
rPois    .         Spirit   .   (no helmet)
rElec    .         Reflect  .   I - +1 cloak {MR+}
rCorr    .         Harm     .   K - +0 pair of gloves
MR       ++++.     Rnd*Rage +   (no boots)
Stlth    ++........             W - necklace of Bloodlust {*Rage +Rage MR++ Int-3 Slay+6 *Curse} (curse)
Regen    0.0/turn               (no ring)
MPRegen  0.2/turn               (no ring)

@: gold aura, non-regenerating
A: damage resistance, heal wounds, sense surroundings 2, no regeneration
a: Heal Wounds, Potion Petition, Call Merchant, Bribe Branch, Renounce Religion,
Evoke Berserk Rage


You were in a bailey.
You worshipped Gozag.
Gozag was pleased with you.
You were not hungry.

You visited 1 branch of the dungeon, and saw 9 of its levels.
You also visited: Bailey.

You collected 1514 gold pieces.
You paid 656 gold pieces to Gozag.

Inventory:

Hand Weapons
 a - a +2 whip of electrocution
 e - a +0 hand axe
 l - a +0 dagger
 r - a +0 arbalest (weapon)
 B - a +0 hunting sling
 D - a cursed -1 hand axe
 H - a +2 quarterstaff of chaos
 J - a +0 spear
 N - a cursed +4 flail of freezing
 X - a +1 falchion of venom
Missiles
 q - 47 bolts (quivered)
Armour
 f - a +2 leather armour of cold resistance (worn)
 p - a +0 ring mail
 I - a +1 cloak of magic resistance (worn)
 K - a +0 pair of gloves (worn)
 O - a +0 buckler
Jewellery
 n - an uncursed ring of ice
 u - the ring "Osomek" {*Tele Dex+4}
   (You found it on level 4 of the Dungeon)

   [ring of teleportation]

   It may teleport you next to monsters.
   It affects your dexterity (+4).
 W - the cursed necklace of Bloodlust (around neck) {*Rage +Rage MR++ Int-3 Slay+6 *Curse}
   (You found it on level 9 of the Dungeon)

   [amulet of rage]

   It affects your intelligence (-3).
   It affects your accuracy and damage with ranged weapons and melee attacks
   (+6).
   It affects your resistance to hostile enchantments.
   It lets you go berserk.
   It may make you go berserk in combat.
   It curses itself when equipped.
   It has a curse placed upon it.
Wands
 L - a wand of disintegration (0/24)
 Q - a wand of iceblast (0/15)
 S - a wand of lightning (7/15)
Scrolls
 i - a scroll of identify
 k - 2 scrolls of immolation
 o - 4 scrolls of remove curse
 v - 3 scrolls of fear {unknown}
 w - 3 scrolls of teleportation {unknown}
 x - 2 scrolls of recharging {unknown}
 y - 2 scrolls of amnesia {unknown}
 C - 2 scrolls of magic mapping {unknown}
 G - a scroll of blinking {unknown}
 M - 2 scrolls of enchant armour {unknown}
 P - a scroll of acquirement {unknown}
 T - a scroll of enchant weapon {unknown}
Potions
 g - 7 potions of curing
 h - 3 potions of berserk rage {unknown}
 j - 3 potions of heal wounds {unknown}
 m - a potion of invisibility
 s - 2 potions of lignification {unknown}
 t - 3 potions of brilliance {unknown}
 z - a potion of degeneration {unknown}
 A - a potion of haste {unknown}
 F - 5 potions of mutation {unknown}
 R - a potion of agility {unknown}
 U - a potion of might {unknown}
Books
 b - a book of Necromancy

   Spells                             Type                      Level
   a - Pain                           Necromancy                   1
   b - Animate Skeleton               Necromancy                   1
   c - Vampiric Draining              Necromancy                   3
   d - Regeneration                   Charms/Necromancy            3
   e - Animate Dead                   Necromancy                   4
   f - Control Undead                 Necromancy                   4
 V - a book of Changes

   Spells                             Type                      Level
   a - Beastly Appendage              Transmutation                1
   b - Sticks to Snakes               Transmutation                2
   c - Spider Form                    Transmutation/Poison         3
   d - Ice Form                       Ice/Transmutation            4
   e - Blade Hands                    Transmutation                5
Comestibles
 c - 5 bread rations
 d - 2 fruits
 E - a meat ration


   Skills:
 + Level 5.3 Fighting
 - Level 2.5 Armour
 - Level 2.1 Dodging
 - Level 2.4 Stealth
 - Level 8.3 Spellcasting
 + Level 10.4 Necromancy
 - Level 5.6 Evocations


You had 21 spell levels left.
You knew the following spells:

 Your Spells              Type           Power        Failure   Level  Hunger
a - Pain                  Necr           ####         1%          1    None
v - Vampiric Draining     Necr           #####.....   1%          3    ##.....


Dungeon Overview and Level Annotations

Branches:
Dungeon (9/15)             Temple (0/1) D:7
   Lair: D:8-11         Orc: D:9-12

Altars:
Elyvilon
Fedhas
Gozag
Hepliaklqana
Kikubaaqudgha
Qazlal
Ru

Shops:
D:6 *   D:7 %

Annotations:
D:4 DIG
D:5 letownia2's ghost, amateur DDNe
D:7 Anon1729's ghost, amateur DsCK
D:9 exclusion: guardian serpent, Gastronok


Innate Abilities, Weirdness & Mutations

You are resistant to damage.
You can heal yourself by infusing magical energy.
You passively map the area around you.
You do not regenerate.


Message History

You shoot a bolt. The bolt hits the orc.
The orc is almost dead.
The orc shoots a bolt.
The bolt hits you.
* * * LOW HITPOINT WARNING * * *
Unknown command.
Unknown command.
Unknown command.
Firing (i - inventory):
q - 47 bolts (quivered)
Press: ? - help, Shift-Dir - straight line, f/p - orc
Aim: an orc, wielding an arbalest and wearing a ring mail (almost dead)
You shoot a bolt. The bolt hits the orc!!
You kill the orc!
Unknown command.
Unknown command.
Unknown command.
q - 47 bolts (gained 1)
The orc shouts!
The orc shoots a bolt.
The bolt hits you!
You die...
Your body crumbles into a pile of gold.

, , , , , * * ,
*** * ...≈≈#.#≈≈.
, , , ,...≈≈≈≈≈..
* , .......... , ,
* , ......... , ,
,∩ ......... ,, *
** *#........ , *
* , , #........ *
,* #@....... , , ,
+ *#........,,, *
.## *#(....... ..
, * * *,
#........., . * +
* #......... , *
## , ..........
..# *
**....≈≈≈≈≈.. ,
.... **,
..$.≈≈#o#≈≈. ,,,
≈....,
,,,,.....≈##.##≈.,


You could see an orc.

Vanquished Creatures
  A gargoyle (D:8)
  Joseph (D:8)
  A wyvern (D:8)
  Eustachio (D:4)
  A human (D:7)
  4 hogs (D:7)
  A hungry ghost (D:8)
  An ice beast (D:6)
  2 orc warriors (Bailey)
  3 sky beasts
  A necrophage (D:8)
  3 ogres
  6 centaurs
  3 bullfrogs
  2 scorpions (D:5)
  6 killer bees (D:7)
  5 wights
  A crimson imp (D:4)
  A centaur zombie (D:6)
  A centaur skeleton (D:5)
  3 hounds
  A jelly (D:7)
  3 orc priests
  Crazy Yiuf (D:2)
  Jessica (D:2)
  Natasha (thrice) (D:2)
  Terence (D:2)
  An iguana (D:5)
  5 orc wizards
  5 worker ants
  A killer bee zombie (D:5)
  2 hound skeletons
  A worker ant zombie (D:6)
  14 adders
  3 gnolls
  3 oozes
  An adder skeleton (D:4)
  2 worms
  4 dart slugs
  3 leopard geckos
  23 orcs
  5 bats
  6 giant cockroaches
  16 goblins
  4 hobgoblins
  5 jackals
  3 quokkas
  3 frilled lizards
  A jackal zombie (D:5)
  7 kobolds
  2 quokka skeletons
  4 rats (D:1)
182 creatures vanquished.

Notes
Turn   | Place    | Note
-------+----------+-------------------------------------------
     0 | D:1      | letownia2 the Deep Dwarf Necromancer began the quest for the Orb.
     0 | D:1      | Reached XP level 1. HP: 15/15 MP: 3/3
   260 | D:3      | Reached XP level 2. HP: 20/22 MP: 0/5
   499 | D:3      | Reached skill level 5 in Necromancy
   528 | D:4      | Reached XP level 3. HP: 26/28 MP: 2/6
   726 | D:4      | Noticed Eustachio
   749 | D:4      | Got a scorched lead ring
   750 | D:4      | Identified the ring "Osomek" {*Tele Dex+4} (You found it on level 4 of the Dungeon)
   772 | D:4      | Reached skill level 6 in Necromancy
   772 | D:4      | Reached XP level 4. HP: 33/36 MP: 0/7
   988 | D:4      | Found an opulent altar of Gozag.
  1483 | D:3      | Reached XP level 5. HP: 19/42 MP: 0/8
  1506 | D:3      | Learned a level 3 spell: Vampiric Draining
  1540 | D:4      | Reached skill level 7 in Necromancy
  1769 | D:4      | Became a worshipper of Gozag Ym Sagoz the Greedy
  2273 | D:3      | Reached XP level 6. HP: 27/49 MP: 2/10
  2563 | D:2      | Noticed Jessica
  2570 | D:2      | Killed Jessica
  2632 | D:2      | Noticed Natasha
  2635 | D:2      | Killed Natasha
  2654 | D:2      | Noticed Terence
  2661 | D:2      | Killed Terence
  2674 | D:2      | Noticed Natasha
  2700 | D:2      | Killed Natasha
  2712 | D:2      | Noticed Natasha
  2715 | D:2      | Killed Natasha
  2715 | D:2      | Reached skill level 8 in Necromancy
  2871 | D:2      | Found a runed door.
  3002 | D:2      | Noticed Crazy Yiuf
  3007 | D:2      | Killed Crazy Yiuf
  3110 | D:2      | Found a hazy altar of Hepliaklqana.
  4014 | D:5      | Entered Level 5 of the Dungeon
  4071 | D:4      | Reached XP level 7. HP: 23/55 MP: 8/11
  4376 | D:5      | Reached skill level 9 in Necromancy
  4449 | D:5      | Noticed letownia2's ghost (amateur DDNe)
  4469 | D:4      | Reached skill level 1 in Fighting
  4523 | D:4      | Killed Eustachio
  4705 | D:5      | Reached XP level 8. HP: 43/68 MP: 4/14
  4851 | D:6      | Reached skill level 5 in Spellcasting
  5047 | D:6      | HP: 1/68 [wight/enchanted mace (5)]
  5339 | D:6      | Found a white marble altar of Elyvilon.
  5574 | D:6      | Found an ancient bone altar of Kikubaaqudgha.
  5625 | D:7      | Noticed Anon1729's ghost (amateur DsCK)
  5644 | D:6      | Gained mutation: You passively map the area around you. [Deep Dwarf growth]
  5644 | D:6      | Reached XP level 9. HP: 37/74 MP: 1/20
  6003 | D:7      | Reached skill level 5 in Evocations
  6323 | D:7      | Found a staircase to the Ecumenical Temple.
  6327 | D:7      | Found a sacrificial altar of Ru.
  6387 | D:7      | Found a blossoming altar of Fedhas.
  6444 | D:7      | Found Numesch's Food Emporium.
  6741 | D:7      | Reached skill level 1 in Armour
  7234 | D:8      | Noticed a gargoyle
  7236 | D:8      | Killed a gargoyle
  7280 | D:8      | Reached XP level 10. HP: 48/85 MP: 12/22
  7385 | D:8      | Reached skill level 10 in Necromancy
  7403 | D:8      | Noticed Joseph
  7440 | D:8      | Killed Joseph
  7505 | D:8      | Paralysed by fainting for 7 turns
  7529 | D:8      | Reached skill level 5 in Fighting
  7566 | D:8      | Found an opulent altar of Gozag.
  7627 | D:9      | Noticed a guardian serpent
  7638 | D:9      | Noticed Gastronok
  7645 | D:9      | Found a stormy altar of Qazlal.
  7763 | D:9      | Found a flagged portal.
  7902 | Bailey   | Entered a bailey
  8082 | Bailey   | Shot with a bolt by an orc

Skill      XL: |  1  2  3  4  5  6  7  8  9 10 |
---------------+-------------------------------+-----
Spellcasting   | 2 3 4 7 8 |  8.3
Necromancy     | 5 6 7 8 9 10 | 10.4
Fighting       | 2 4 5 |  5.3
Evocations     | 5 |  5.6
Armour         | 2 |  2.5
Dodging        | |  2.1
Stealth        | |  2.4

Action                   |  1- 3 |  4- 6 |  7- 9 | 10-12 || total
-------------------------+-------+-------+-------+-------++-------
Melee: Unarmed           |    14 |     3 |       |       ||    17
       Whip              |     4 |   156 |   171 |    22 ||   353
       Dagger            |     1 |       |       |       ||     1
 Fire: Arbalest          |       |       |       |     4 ||     4
 Cast: Pain              |    38 |    99 |    30 |    14 ||   181
       Vampiric Draining |       |    10 |   101 |    21 ||   132
Invok: Call Merchant     |       |       |     1 |       ||     1
Evoke: Wand              |       |       |     3 |     2 ||     5
  Use: Potion            |       |       |     1 |     1 ||     2
       Scroll            |       |       |     5 |       ||     5
 Stab: Distracted        |       |     1 |       |       ||     1
       Sleeping          |       |       |     1 |       ||     1
  Eat: Chunk             |       |     5 |       |       ||     5
       Royal jelly       |       |     4 |     4 |       ||     8
       Meat ration       |       |       |     2 |     1 ||     3
       Fruit             |       |       |       |     4 ||     4
Armor: Robe              |    10 |       |       |       ||    10
       Ring mail         |     3 |    73 |    11 |       ||    87
       Leather armour    |     1 |       |    86 |    14 ||   101
Dodge: Dodged            |    29 |   105 |   195 |    25 ||   354
